 Dungeon Crawl Stone Soup version 0.28-b1-25-g9875b3fc8c (webtiles) character file.

Game seed: 3693386070269823641

18 sanka the Magician (level 2, 16/16 HPs)
             Began as a Deep Elf Transmuter on Feb 7, 2022.
             Was a Follower of Kikubaaqudgha.
             Quit the game on level 1 of the Dungeon.
             The game lasted 00:01:32 (1175 turns).

sanka the Magician (Deep Elf Transmuter)            Turns: 1175, Time: 00:01:32

Health: 16/16      AC:  2    Str:  7    XL:     2   Next: 48%
Magic:  8/8        EV: 13    Int: 17    God:    Kikubaaqudgha [*.....]
Gold:   19         SH:  0    Dex: 15    Spells: 7/8 levels left

rFire   . . .      SeeInvis .     - Unarmed
rCold   . . .      Faith    .   (no shield)
rNeg    . . .      Spirit   .   a - +0 robe
rPois   .          Reflect  .   (no helmet)
rElec   .          Harm     .   (no cloak)
rCorr   .          Rampage  .   (no gloves)
Will    .....                   (no boots)
Stlth   +.........              (no amulet)
HPRegen 0.05/turn               (no ring)
MPRegen 0.11/turn               (no ring)

@: no status effects
A: no striking features
a: Renounce Religion, Receive Corpses


You were on level 1 of the Dungeon.
You worshipped Kikubaaqudgha.
Kikubaaqudgha was aware of your devotion.
You visited 1 branch of the dungeon, and saw 1 of its levels.

You collected 19 gold pieces.

Inventory:

Armour
 a - a +0 robe (worn)
Scrolls
 b - 2 scrolls of fog {unknown}
 c - a scroll of identify {unknown}
 g - 3 scrolls of holy word {unknown}
 h - a scroll of vulnerability {unknown}
Potions
 d - a potion of cancellation {unknown}
 e - a potion of magic {unknown}
 f - a potion of curing {unknown}


   Skills:
 + Level 1.3 Fighting
 + Level 3.0 Dodging
 - Level 2.4 Unarmed Combat
 + Level 3.5 Spellcasting
 - Level 2.1 Transmutations


You had 7 spell levels left.
You knew the following spells:

 Your Spells              Type           Power      Damage    Failure   Level
a - Beastly Appendage     Tmut           20%        N/A       7%          1

Your spell library contained the following spells:

 Spells                   Type           Power      Damage    Failure   Level
 Wereblood                Tmut           10%        N/A       11%         2
 Animate Skeleton         Necr           6%         N/A       17%         1
 Pain                     Necr           12%        1d4       17%         1
 Sublimation of Blood     Necr           3%         N/A       26%         2
 Spider Form              Tmut/Pois      6%         N/A       32%         3
 Ice Form                 Ice/Tmut       6%         N/A       71%         4
 Agony                    Necr           3%         N/A       99%         5


Dungeon Overview and Level Annotations

Branches:
Dungeon (1/15)

Altars:
Kikubaaqudgha


Message History

You see here a giant cockroach corpse.
A quokka comes into view.
A quokka is nearby!
You grow a pair of large bovine horns.
Your feet morph into talons.
You hit the quokka. Your kick misses the quokka.
Your headbutt misses the quokka.
The quokka is severely wounded.
The quokka bites you.
The quokka bites you but does no damage.
You miss the quokka.
The quokka is severely wounded.
The quokka barely misses you.
You hit the quokka.
You kill the quokka!
Your Dodging skill increases to level 3!
No target in view!
No target in view!
Your transformation is almost over.
Your horns disappear.
Your talons disappear.
h - a scroll labelled DELOIR NEEHU
Things that are here:
a +0 short sword; 5 stones
There is an open door here.
Key pressed, stopping explore.
Done exploring.
Done exploring.
Done exploring.
Search for what [? for help]? .
Okay, then.
Search for what [Enter for "."]? altar
There is a faded altar of an unknown god here.
You cannot tell which god this altar belongs to.
Convert to them anyway?
Okay, then.
You cannot tell which god this altar belongs to.
Convert to them anyway?
Kikubaaqudgha accepts your prayer! Kikubaaqudgha welcomes you!
You can now receive cadavers from Kikubaaqudgha.
Kikubaaqudgha grants you a gift!
You add the spells Animate Skeleton, Pain, Sublimation of Blood and Agony to your library.
Are you sure you want to abandon this character and quit the game? (Confirm with "yes".)

#############.###.#
#........#.#
..............# #.#
####.....#..
#########.##### #.#
###...#.# # #.# ##'#####
#........ # #.#
#......###.##....# #.##
#......+...##.....
#..########....#####....#
##.##.###.####.#####....#
#...#.#@#.#...#.......>.
######.###.####.######..
### ### #.# ####. #.#
#..'. #.# #<.## #.# #..##
#.# ##### #.# ##### ###.#
#....


There were no monsters in sight!

Vanquished Creatures
  A dart slug (D:1)
  2 ball pythons (D:1)
  2 endoplasms (D:1)
  A giant cockroach (D:1)
  A hobgoblin (D:1)
  A quokka (D:1)
  A bat (D:1)
  3 frilled lizards (D:1)
  2 kobolds (D:1)
  2 rats (D:1)
16 creatures vanquished.

Notes
Turn   | Place    | Note
-------+----------+-------------------------------------------
     0 | D:1      | sanka the Deep Elf Transmuter began the quest for the Orb.
     0 | D:1      | Reached XP level 1. HP: 11/11 MP: 6/6
   180 | D:1      | Found a faded altar of an unknown god.
   239 | D:1      | Reached skill level 1 in Fighting
   427 | D:1      | Reached XP level 2. HP: 16/16 MP: 6/8
  1174 | D:1      | Prayed at the altar of an unknown god.
  1174 | D:1      | Became a worshipper of Kikubaaqudgha
  1174 | D:1      | Reached * piety under Kikubaaqudgha
  1174 | D:1      | Received a gift from Kikubaaqudgha
  1175 | D:1      | Quit the game

Illustrated notes

Levels and vault maps discovered:
D:1:      dpeg_arrival_short_road, layout_basic,
          chequers_ecumenical_altar_twisty

Skill      XL: |  1  2 |
---------------+-------+-----
Fighting       | 1 |  1.3
Dodging        | 3 |  3.0
Unarmed Combat | |  2.4
Spellcasting   | |  3.5
Transmutations | |  2.1

Action                   || total
-------------------------++-------
Melee: Unarmed           ||    44
       Kick              ||    10
       Headbutt          ||     5
       Punch             ||     2
 Cast: Beastly Appendage ||    14
Armor: Robe              ||     3
Dodge: Dodged            ||    24
